 Dungeon Crawl Stone Soup version 0.31-a0-618-g7ca08c1ff9 (webtiles) character file.

Game seed: 8343232277390140710

6388 thirtiethelement the Magician (level 10, -16/73 HPs)
             Began as a Demonspawn Cinder Acolyte on Aug 22, 2023.
             Was an Elder of Ignis.
             Demolished by a skeletal warrior
             ... wielding a +0 war axe
              (24 damage)
             ... on level 10 of the Dungeon on Aug 23, 2023.
             The game lasted 00:39:58 (11345 turns).

thirtiethelement the Magician (DsCA)               Turns: 11345, Time: 00:39:59

Health: -16/73     AC: 20    Str: 20    XL:     10   Next: 66%
Magic:  19/21      EV: 12    Int: 19    God:    Ignis [****..]
Gold:   88         SH:  5    Dex: 10    Spells: 19/24 levels left

rFire   + + .        R - +6 flail "Ucur" {flame, rF+ SInv}
rCold   . . .        (no shield)
rNeg    . . .        T - +0 acid dragon scales
rPois   .            (helmet unavailable)
rElec   .            s - +2 cloak
rCorr   +            (no gloves)
SInv    +            i - +2 pair of boots {Fly}
Will    .....        y - amulet of reflection
Stlth   +            t - +6 ring of strength
HPRegen 0.32/turn    G - +4 ring of slaying
MPRegen 0.17/turn

%: reflection
@: about to teleport, fiery-armoured, flying
A: horns 3, ignite blood 1
a: Renounce Religion, Fiery Armour, Foxfire Swarm, Rising Flame


You were on level 10 of the Dungeon.
You worshipped Ignis.
Ignis was greatly pleased with you.
You visited 1 branch of the dungeon, and saw 11 of its levels.
You also visited: Ossuary.

You collected 579 gold pieces.
You spent 491 gold pieces at shops.

Inventory:

Hand Weapons
 u - a +5 dire flail of protection
 R - the +6 flail "Ucur" (weapon) {flame, rF+ SInv}
   (You bought it in a shop on level 9 of the Dungeon)

   rF+:       It protects you from fire.
   SInv:      It lets you see invisible.
Missiles
 b - 6 boomerangs (quivered)
 f - a throwing net
 I - 3 javelins
Armour
 i - a +2 pair of boots of flying (worn)
 q - the +0 pair of boots of an ossuary {rN+}
   (You found it on level 2 of the Dungeon)

   rN+:       It protects you from negative energy.
 s - a +2 cloak (worn)
 v - a +0 ring mail of positive energy
 O - an orb of guile
 T - +0 acid dragon scales (worn)
Jewellery
 p - a ring of protection from cold
 t - a +6 ring of strength (left hand)
 y - an amulet of reflection (around neck)
 G - a +4 ring of slaying (right hand)
 M - a +5 ring of evasion
 P - a ring of wizardry
Talismans
 j - a flux talisman
Wands
 a - a wand of iceblast (5)
 D - a wand of flame (35)
 K - a wand of paralysis (13)
Scrolls
 c - 6 scrolls of teleportation
 d - 3 scrolls of enchant armour
 e - 3 scrolls of poison
 k - 3 scrolls of fog
 m - 3 scrolls of revelation
 o - 3 scrolls of summoning
 r - 2 scrolls of brand weapon
 x - 3 scrolls of silence
 A - 2 scrolls of fear {unknown}
 B - 2 scrolls of amnesia
 C - 4 scrolls of immolation
 L - a scroll of blinking {unknown}
 N - 2 scrolls of noise {unknown}
 Q - a scroll of vulnerability {unknown}
Potions
 g - 5 potions of brilliance
 h - 4 potions of might {unknown}
 l - 3 potions of lignification {unknown}
 n - 3 potions of curing {unknown}
 w - 4 potions of attraction {unknown}
 z - a potion of heal wounds {unknown}
 E - a potion of resistance {unknown}
 F - a potion of invisibility {unknown}
 H - 3 potions of ambrosia {unknown}
 J - a potion of magic {unknown}


   Skills:
 + Level 4.6 Fighting
 - Level 3.4(6.1) Axes
 * Level 7.8(8.2) Maces & Flails
 + Level 0.3 Throwing
 + Level 4.1 Armour
 + Level 2.7 Dodging
 + Level 0.2 Stealth
 + Level 1.0 Shields
 + Level 7.9 Spellcasting
 + Level 1.5 Conjurations
 + Level 1.6 Summonings
 + Level 7.0 Fire Magic
 + Level 1.4 Air Magic


You had 19 spell levels left.
You knew the following spells:

 Your Spells              Type           Power      Damage    Failure   Level
a - Scorch                Fire           68%        2d7       1%          2
b - Shock                 Conj/Air       52%        1d6       6%          1
c - Call Imp              Summ           26%        N/A       9%          2

Your spell library contained the following spells:

 Spells                   Type           Power      Damage    Failure   Level
 Magic Dart               Conj           52%        1d5       6%          1
 Ensorcelled Hibernation  Hex/Ice        14%        N/A       19%         2
 Passwall                 Tmut/Erth      5%         N/A       19%         2
 Swiftness                Air            13%        N/A       19%         3
 Mephitic Cloud           Conj/Pois/Air  11%        N/A       24%         3
 Airstrike                Air            6%         2d(1-17)  54%         4


Dungeon Overview and Level Annotations

Branches:
Dungeon (11/15)            Temple (0/1) D:4         Ossuary (visited)
   Lair: D:8-11         Orc: D:9-12

Altars:
Cheibriados
Dithmenos
Fedhas
Gozag
Kikubaaqudgha
Makhleb
Nemelex Xobeh
Okawaru
Trog
Uskayaw
Vehumet
Wu Jian
Xom

Shops:
D:1 [=([   D:9 (*(

Annotations:
D:10 exclusion: orange crystal statue


Innate Abilities, Weirdness & Mutations

You have a pair of large horns on your head.
Your demonic aura sometimes causes spilled blood to erupt in flames.


Message History

A skeletal warrior comes into view. It is wielding a +0 battleaxe.
Your cerulean imp hits the skeletal warrior but does no damage.
A skeletal warrior comes into view. It is wielding a +0 scimitar. x2
The skeletal warrior hits you but does no damage.
The skeletal warrior hits your cerulean imp with a +0 war axe!
Your cerulean imp dies!
Your cerulean imp disappears in a puff of smoke!
The skeletal warrior attacks as it pursues you!
The skeletal warrior hits you but does no damage.
The skeletal warrior attacks as it pursues you!
You block the skeletal warrior's attack.
The skeletal warrior attacks as it pursues you!
The skeletal warrior hits you with a +0 war axe!!
The skeletal warrior attacks as it pursues you!
The skeletal warrior hits you but does no damage.
There is a stone staircase leading up here.
The skeletal warrior closely misses you.
You fly upwards.
Level annotation: exclusion: orange crystal statue
There is a stone staircase leading down here.
A protective cloak of flame settles atop you.
The skeletal warrior hits you with a +0 war axe!
You hit the skeletal warrior but do no damage.
The skeletal warrior hits you with a +0 war axe!!
* * * LOW HITPOINT WARNING * * *
The skeletal warrior is burned by your cloak of flames.
The skeletal warrior is lightly damaged.
As you read the scroll of teleportation, it crumbles to dust.
You feel strangely unstable.
The skeletal warrior closely misses you.
You hit the skeletal warrior. You burn the skeletal warrior.
The skeletal warrior is lightly damaged.
The skeletal warrior hits you with a +0 war axe!
* * * LOW HITPOINT WARNING * * *
You hit the skeletal warrior. You burn the skeletal warrior.
You headbutt the skeletal warrior, but do no damage.
You punch the skeletal warrior, but do no damage.
The skeletal warrior is moderately damaged.
The skeletal warrior hits you with a +0 war axe!!
You die...

####....# #.# ###### #######.##.#
#.######### .........#.#
#.......... #######..#.#
########### .# #..#.# #...#######
.######..#.# #####..........
.#......#..# #.......#..#..<
.#.###.###.########.###..........
...##.#####)....@.#.####.#.......
....#...##)#####z#.....#.#...#...
~~....#.#..######............#...
≈~..#....#.##.......##.#.#.......
≈~..##.###.#...##.#.##.#.#...#...
......[..................##..#..#
.~~..#.#####...####.............#
.~~..#.# ##.## #.##.#####.####
).~~.#.# #.# #.##.# #.# #


You could see a skeletal warrior.

Vanquished Creatures
  Pikel (D:6)
  Jeremiah (D:9)
  Psyche (D:8)
  A troll (D:10)
  A hornet (D:9)
  A wyvern (D:8)
  6 yaks (D:10)
  Eustachio (D:4)
  2 steam dragons
  Edmund (D:3)
  Duvessa (D:4)
  2 acid dragons (D:10)
  2 orc warriors (D:9)
  2 sky beasts (D:7)
  A black bear (D:5)
  2 ogres (D:6)
  2 wolves (D:10)
  2 centaurs
  3 bullfrogs
  2 kobold brigands
  A gnoll sergeant (D:9)
  A scorpion (D:6)
  5 wights (D:10)
  Dowan (D:4)
  An electric eel (D:10)
  2 howler monkeys
  A jelly (D:6)
  Crazy Yiuf (D:2)
  6 orc priests
  A hound (D:7)
  A gnoll bouda (D:4)
  2 sleepcaps
  7 iguanas
  11 orc wizards
  A mummy (Ossuary)
  17 gnolls
  6 adders
  4 white imps
  2 ufetubi
  2 dart slugs
  32 orcs
  A spectral bat (Ossuary)
  8 endoplasms
  3 giant cockroaches
  7 goblins
  8 hobgoblins
  5 jackals
  5 quokkas
  10 ball pythons
  11 bats
  4 bat simulacra (Ossuary)
  2 frilled lizards
  12 gnoll zombies (Ossuary)
  6 goblin zombies
  4 hobgoblin zombies (Ossuary)
  14 kobolds
  3 kobold simulacra (Ossuary)
  2 kobold zombies (Ossuary)
  6 orc zombies (Ossuary)
  6 rats
  2 rat simulacra (Ossuary)
  A rat zombie (D:5)
  5 spectral goblins (Ossuary)
  3 spectral kobolds (Ossuary)
  5 spectral rats (Ossuary)
273 creatures vanquished.

Vanquished Creatures (collateral kills)
  A gnoll sergeant (D:5)
  A kobold zombie (Ossuary)
2 creatures vanquished.

Vanquished Creatures (others)
  11 foxfires (D:4)
11 creatures vanquished.

Grand Total: 286 creatures vanquished

Notes
Turn   | Place    | Note
-------+----------+-------------------------------------------
     0 | D:1      | thirtiethelement the Demonspawn Cinder Acolyte began the
                  | quest for the Orb.
     0 | D:1      | Reached XP level 1. HP: 18/18 MP: 2/2
   125 | D:1      | Gained mutation: You have a pair of small horns on your
                  | head. [demonic ancestry]
   125 | D:1      | Reached XP level 2. HP: 23/24 MP: 3/3
   128 | D:1      | Learned a level 2 spell: Scorch
   177 | D:1      | Found Ycwaj's Jewellery Boutique.
   320 | D:1      | Found Tieboll's Armour Shop.
   325 | D:1      | Found Cuogoh's Weapon Emporium.
   444 | D:1      | Found Coush's Armour Emporium.
  1267 | D:2      | Gained mutation: Your demonic aura sometimes causes spilled
                  | blood to erupt in flames. [demonic ancestry]
  1267 | D:2      | Reached XP level 3. HP: 28/29 MP: 4/4
  1288 | D:2      | Identified the +5 mace of Mayhem {holy, rN++}
  1337 | D:2      | Identified the +0 pair of boots of an ossuary {rN+}
  1436 | D:2      | Found an ornate altar of the Wu Jian Council.
  1622 | D:2      | Found a runed translucent door.
  1623 | D:2      | Noticed Crazy Yiuf
  1758 | D:2      | Killed Crazy Yiuf
  1759 | D:2      | Gained mutation: You have a pair of horns on your head.
                  | [demonic ancestry]
  1759 | D:2      | Reached XP level 4. HP: 19/35 MP: 1/6
  1883 | D:1      | Bought a +0 pair of boots of flying for 138 gold pieces
  2449 | D:3      | Learned a level 1 spell: Shock
  2949 | D:4      | Noticed Edmund
  3042 | D:3      | Killed Edmund
  3043 | D:3      | Reached XP level 5. HP: 27/41 MP: 0/9
  3073 | D:4      | Reached skill level 1 in Armour
  3127 | D:4      | Reached XP level 6. HP: 47/47 MP: 1/11
  3233 | D:4      | Noticed Duvessa
  3233 | D:4      | Noticed Dowan
  3245 | D:4      | Killed Duvessa
  3248 | D:4      | Killed Dowan
  3249 | D:4      | Reached skill level 1 in Maces & Flails
  3312 | D:4      | Reached skill level 1 in Dodging
  3320 | D:4      | Reached XP level 7. HP: 14/52 MP: 10/12
  3600 | D:4      | Found a staircase to the Ecumenical Temple.
  4146 | D:4      | Learned a level 2 spell: Call Imp
  4159 | D:4      | Noticed Eustachio
  4165 | D:4      | Killed Eustachio
  4166 | D:4      | Reached skill level 1 in Air Magic
  4531 | D:5      | Entered Level 5 of the Dungeon
  4589 | D:5      | Reached skill level 1 in Conjurations
  4612 | D:5      | Found a sand-covered staircase.
  4623 | Ossuary  | Entered an ossuary
  5275 | D:5      | Reached XP level 8. HP: 60/60 MP: 5/15
  5630 | D:5      | You are sucked into a shaft and drop 3 floors!
  5828 | D:6      | Reached skill level 5 in Spellcasting
  5964 | D:5      | Reached skill level 1 in Summonings
  6868 | D:6      | Reached skill level 5 in Fire Magic
  7070 | D:6      | Noticed Pikel
  7076 | D:6      | Killed Pikel
  7077 | D:6      | Reached skill level 5 in Maces & Flails
  7077 | D:6      | Gained mutation: You have a pair of large horns on your
                  | head. [demonic ancestry]
  7077 | D:6      | Reached XP level 9. HP: 65/65 MP: 14/18
  7119 | D:6      | Found a shadowy altar of Dithmenos.
  7120 | D:6      | Found a snail-covered altar of Cheibriados.
  8453 | D:8      | Noticed Psyche
  8553 | D:8      | Killed Psyche
  9144 | D:9      | Noticed Jeremiah
  9183 | D:9      | Killed Jeremiah
  9184 | D:9      | Reached XP level 10. HP: 49/72 MP: 6/20
  9569 | D:9      | Found Ifor's General Store.
  9570 | D:9      | Found Wafilag's Antique Weapon Boutique.
  9571 | D:9      | Found Alonteo's Antique Weapon Boutique.
  9577 | D:9      | Bought 2 scrolls of immolation for 88 gold pieces
  9577 | D:9      | Bought a scroll of immolation for 44 gold pieces
  9927 | D:9      | Bought a shimmering flail for 221 gold pieces
  9927 | D:9      | Identified the +6 flail "Ucur" {flame, rF+ SInv} (You
                  | bought it in a shop on level 9 of the Dungeon)
  9972 | D:10     | Entered Level 10 of the Dungeon
 10375 | D:10     | Noticed an orange crystal statue
 10731 | D:10     | Found a shimmering altar of Xom.
 10735 | D:10     | Found a blossoming altar of Fedhas.
 10740 | D:10     | Found a sparkling altar of Nemelex Xobeh.
 10741 | D:10     | Found an ancient bone altar of Kikubaaqudgha.
 10742 | D:10     | Found a burning altar of Makhleb.
 10742 | D:10     | Found a radiant altar of Vehumet.
 10742 | D:10     | Found a hide-covered altar of Uskayaw.
 10742 | D:10     | Found a bloodstained altar of Trog.
 10743 | D:10     | Found an ornate altar of the Wu Jian Council.
 10744 | D:10     | Found an iron altar of Okawaru.
 10746 | D:10     | Found an opulent altar of Gozag.
 10990 | D:10     | Reached skill level 1 in Shields
 11322 | D:11     | Noticed a skeletal warrior
 11326 | D:11     | Noticed a skeletal warrior
 11327 | D:11     | Noticed a skeletal warrior
 11328 | D:11     | Noticed a skeletal warrior
 11328 | D:11     | Noticed a skeletal warrior
 11345 | D:10     | Demolished by a skeletal warrior

Illustrated notes

Levels and vault maps discovered:
D:1:      mrwooster_arrival_statue_3, layout_rooms, serial_shops,
          nicolae_shop_tiny_statue_garden, nicolae_shop_statue_plus,
          nicolae_shop_trees, nicolae_shop_hallway_stairs
D:2:      layout_basic, basic_altar, minmay_joined_circles,
          uniq_crazy_yiuf_cottage
D:3:      layout_rooms
D:4:      layout_loops_cross, minmay_temple_entry_arrows, kennysheep_orc_chapel,
          uniq_eustachio, uniq_edmund, uniq_duvessa
D:5:      layout_gridville, enter_ossuary_4
D:6:      layout_loops_ring, gammafunk_temple_overflow_claw, uniq_pikel
D:7:      layout_cave_pods
D:8:      layout_basic, hangedman_abyss_or_decor_clamps, minivault_10,
          uniq_psyche
D:9:      layout_cave_pools, serial_column_ruins, column_ruins_circle_large,
          column_ruins_hut, column_ruins_open_small, column_ruins_grid_3,
          column_ruins_open_tiny, column_ruins_open_tiny,
          nicolae_shop_distant_corner_stores, hangedman_decor_lopped,
          uniq_jeremiah
D:10:     layout_loops_ring, minitemple, serial_ice, serial_ice_n, serial_ice_i,
          serial_ice_f, serial_ice_e, serial_ice_m,
          hangedman_abyss_or_decor_stagger, minmay_protected_statue
D:11:     layout_layer_cave, dpeg_lair_monsters, gammafunk_ghost_nasty_kobolds,
          due_unseen_surprise, uniq_grum

Skill      XL: |  1  2  3  4  5  6  7  8  9 10 |
---------------+-------------------------------+-----
Axes           | 3 |  3.4
Fire Magic     | 3 4 5 6 7 |  7.0
Spellcasting   | 3 4 6 7 |  7.9
Armour         | 1 2 3 4 |  4.1
Maces & Flails | 1 3 5 6 7 |  7.8
Dodging        | 1 2 |  2.7
Air Magic      | 1 |  1.4
Conjurations   | 1 |  1.5
Summonings     | 1 |  1.6
Fighting       | 4 |  4.6
Shields        | 1 |  1.0
Throwing       | |  0.3
Stealth        | |  0.2

Action                     |  1- 3 |  4- 6 |  7- 9 | 10-12 || total
---------------------------+-------+-------+-------+-------++-------
  Melee: Hand axe          |    69 |    24 |       |       ||    93
         Headbutt          |     7 |     8 |    23 |    18 ||    56
         Dire flail        |       |    22 |   241 |    29 ||   292
         Flail             |       |       |       |    54 ||    54
         Punch             |       |       |       |     1 ||     1
  Throw: Boomerang         |     2 |     3 |     1 |     3 ||     9
   Cast: Scorch            |    15 |    29 |   104 |    31 ||   179
         Shock             |       |    11 |    48 |       ||    59
         Call Imp          |       |       |    11 |     1 ||    12
 Invoke: Fiery Armour      |     1 |     1 |       |     1 ||     3
         Foxfire Swarm     |       |     1 |       |       ||     1
    Use: Scroll            |       |     2 |    10 |     3 ||    15
 Armour: Robe              |     2 |       |       |       ||     2
         Leather armour    |    15 |    20 |       |       ||    35
         Ring mail         |       |    14 |   124 |    36 ||   174
         Acid dragon scale |       |       |       |     8 ||     8
  Dodge: Dodged            |    40 |    38 |   119 |    39 ||   236
  Block: Other             |       |       |    10 |    23 ||    33
         Reflection        |       |       |       |     2 ||     2

Table legend: (Time is in decaauts)
 A = Elapsed time spent in this place.
 B = Non-inter-level travel time spent in this place.
 C = Inter-level travel time spent in this place.
 D = Time resting spent in this place.
 E = Time spent auto-exploring this place.
 F = Levels seen in this place.
 G = Mean time per level.
                   A        B        C        D        E       F      G
               +--------+--------+--------+--------+--------+-----+--------+
         Total |  11358 |  10977 |    381 |    767 |   8011 |  12 |  946.5 |
       Dungeon |  10793 |  10412 |    381 |    609 |   7961 |  11 |  981.2 |
       Ossuary |    565 |    565 |      0 |    158 |     50 |   1 |  565.0 |
               +--------+--------+--------+--------+--------+-----+--------+

Top non-repeatable levels by time:
     D:4: 1489 daAuts
     D:2: 1323 daAuts
     D:5: 1298 daAuts
     D:8: 1217 daAuts
    D:10: 1201 daAuts
     D:3: 1035 daAuts
     D:6: 890 daAuts
     D:9: 752 daAuts
     D:7: 709 daAuts
     D:1: 705 daAuts
 Ossuary: 565 daAuts
    D:11: 168 daAuts
